 Dungeon Crawl Stone Soup version 0.29.1-4-g47bece8355 (webtiles) character file.

Game seed: 4804560146849196603

211 CaptainMV the Trooper (level 5, -6/50 HPs)
             Began as a Draconian Wanderer on Dec 7, 2022.
             Succumbed to a water moccasin's poison
             ... on level 3 of the Dungeon.
             The game lasted 00:14:24 (1374 turns).

CaptainMV the Trooper (Draconian Wanderer)          Turns: 1374, Time: 00:14:25

Health: -6/50      AC:  7    Str: 13    XL:     5   Next: 57%
Magic:  4/6        EV: 13    Int: 14    God:
Gold:   111        SH:  0    Dex: 12    Spells: 5/6 levels left

rFire   . . .      SeeInvis .   f - staff of cold
rCold   + . .      Faith    .   (no shield)
rNeg    + . .      Spirit   .   (body armour unavailable)
rPois   .          Reflect  .   (helmet restricted)
rElec   .          Harm     .   (no cloak)
rCorr   .          Rampage  .   d - +0 pair of gloves
Will    .....                   g - +0 pair of boots
Stlth   +.........              (no amulet)
HPRegen 0.16/turn               q - ring of positive energy
MPRegen 0.10/turn               (no ring)

@: lethally poisoned (-6 -> -39)
A: AC +5, unfitting armour, cold-blooded
a: no special abilities


You were on level 3 of the Dungeon.
You visited 1 branch of the dungeon, and saw 3 of its levels.

You collected 111 gold pieces.

Inventory:

Hand Weapons
 a - a +0 club
 s - a +0 scythe
Missiles
 b - 3 throwing nets (quivered)
 r - 3 poisoned darts
Armour
 d - a +0 pair of gloves (worn)
 g - a +0 pair of boots (worn)
Magical Staves
 f - a staff of cold (weapon)
Jewellery
 q - a ring of positive energy (left hand)
Wands
 t - a wand of paralysis (8)
Scrolls
 c - 2 scrolls of silence
 e - 5 scrolls of identify {unknown}
 h - a scroll of amnesia {unknown}
 j - a scroll of enchant armour {unknown}
 k - 2 scrolls of teleportation {unknown}
 l - a scroll of brand weapon {unknown}
 n - 2 scrolls of magic mapping {unknown}
 p - 2 scrolls of poison {unknown}
Potions
 i - a potion of resistance {unknown}
 m - a potion of heal wounds {unknown}
 o - a potion of berserk rage {unknown}


   Skills:
 + Level 5.8 Fighting
 + Level 2.6 Staves
 + Level 1.0 Throwing
 + Level 3.5 Dodging
 + Level 0.3 Stealth
 + Level 1.2 Spellcasting
 + Level 1.2 Transmutations
 + Level 0.5 Poison Magic


You had 5 spell levels left.
You knew the following spells:

 Your Spells              Type           Power      Damage    Failure   Level
a - Sting                 Tmut/Pois      12%        1d3       19%         1

Your spell library contained the following spells:

 Spells                   Type           Power      Damage    Failure   Level
 Spider Form              Tmut/Pois      3%         N/A       47%         3
 Ice Form                 Ice/Tmut       3%         N/A       89%         4
 Hailstorm                Conj/Ice       1%         3d3       95%         4
 Simulacrum               Ice/Necr       0%         N/A       100%        6


Dungeon Overview and Level Annotations

Branches:
Dungeon (3/15)

Altars:
Fedhas
Hepliaklqana
Trog
Zin

Portals:
Sewer: D:3


Innate Abilities, Weirdness & Mutations

Your plain brown scales are hard. (AC +5)
You cannot fit into any form of body armour.
You are cold-blooded and may be slowed by cold attacks.


Message History

Casting: Sting (safe; 19% risk of failure)
Confirm with . or Enter, or press ? or * to list all spells.
Aiming: Sting (safe; 19% risk of failure)
Press: ? - help, Shift-Dir - straight line, f - water moccasin
Aim: a water moccasin (heavily wounded, 43% to hit)
The sting hits the water moccasin.
The water moccasin is poisoned.
The water moccasin is heavily wounded.
You feel very sick. The water moccasin closely misses you.
Unknown command.
Casting: Sting (safe; 19% risk of failure)
Confirm with . or Enter, or press ? or * to list all spells.
Aiming: Sting (safe; 19% risk of failure)
Press: ? - help, Shift-Dir - straight line, f/p - water moccasin
Aim: a water moccasin (heavily wounded, poisoned, 43% to hit)
The sting hits the water moccasin but does no damage.
The water moccasin looks even sicker.
The water moccasin is heavily wounded.
You feel very sick. The water moccasin barely misses you.
The water moccasin bites you.
You are lethally poisoned!
The water moccasin poisons you!
You closely miss the water moccasin.
You tail-slap the water moccasin, but do no damage.
The water moccasin is heavily wounded.
You feel extremely sick. The water moccasin bites you.
* * * LOW HITPOINT WARNING * * *
You are more poisoned.
The water moccasin poisons you!
You completely miss the water moccasin.
The water moccasin is severely wounded.
* * * LOW HITPOINT WARNING * * *
You feel extremely sick. The water moccasin bites you.
* * * LOW HITPOINT WARNING * * *
Unknown command.
You closely miss the water moccasin.
The water moccasin is severely wounded.
You die...

#..##.#.###
####.######
#..#.##..##.#
#......# .
#....##..#
##.###..
#..#.##..#.#
#.#.... # ##
#..#.##
#.#.._.
#....###..#
#.#._8_
#..##.#.##.#
#...._. . #.
#.#.#####
###.... ..
#.S@†...#
#....
##...#...#.#
##..#
#....#...#
##..
######~~~#
##. #~~~# ##
#~~~# # #~~~#
# #~∩~# # #


You could see a water moccasin (very poisoned).

Vanquished Creatures
  Sigmund (D:3)
  An adder (D:2)
  6 endoplasms
  4 giant cockroaches
  3 goblins
  6 hobgoblins
  2 jackals (D:2)
  A quokka (D:3)
  A ball python (D:2)
  5 bats
  A frilled lizard (D:3)
  4 kobolds
  3 rats
38 creatures vanquished.

Notes
Turn   | Place    | Note
-------+----------+-------------------------------------------
     0 | D:1      | CaptainMV the Draconian Wanderer began the quest for the
                  | Orb.
     0 | D:1      | CaptainMV set off with the following items: a +0 club, 3
                  | throwing nets, 2 scrolls of silence, a +0 pair of gloves;
                  | and the following spell memorised: Sting; and the following
                  | spells available to memorise: Spider Form.
     0 | D:1      | Reached XP level 1. HP: 22/22 MP: 2/2
   407 | D:1      | Found a faded altar of an unknown god.
   571 | D:2      | Reached XP level 2. HP: 25/28 MP: 3/3
   653 | D:2      | Reached skill level 5 in Fighting
   968 | D:2      | Reached XP level 3. HP: 32/36 MP: 4/4
  1152 | D:3      | Noticed Sigmund
  1166 | D:3      | Killed Sigmund
  1167 | D:3      | Reached XP level 4. HP: 34/44 MP: 1/5
  1167 | D:3      | Reached XP level 5. HP: 38/50 MP: 1/6
  1197 | D:3      | Found a glowing silver altar of Zin.
  1199 | D:3      | Found a bloodstained altar of Trog.
  1199 | D:3      | Found a blossoming altar of Fedhas.
  1200 | D:3      | Found a hazy altar of Hepliaklqana.
  1349 | D:3      | Found a glowing drain.
  1361 | D:3      | Noticed a water moccasin
  1373 | D:3      | HP: 2/50 [water moccasin (2)]
  1374 | D:3      | Succumbed to a water moccasin's poison

Illustrated notes

Levels and vault maps discovered:
D:1:      dpeg_arrival_shrine, layout_basic,
          chequers_ecumenical_altar_simple_redux
D:2:      layout_basic
D:3:      layout_rooms, chequers_temple_overflow_statue_of_worship,
          portal_sewer_entry_f, skrybe_limestone_x, nicolae_eternal_life,
          uniq_sigmund

Skill      XL: |  1  2  3 |
---------------+----------+-----
Fighting       | 5 |  5.8
Staves         | 2 |  2.6
Dodging        | 3 |  3.5
Throwing       | |  1.0
Stealth        | |  0.3
Spellcasting   | |  1.2
Transmutations | |  1.2
Poison Magic   | |  0.5

Action                   |  1- 3 |  4- 6 || total
-------------------------+-------+-------++-------
Melee: Staff             |   112 |    27 ||   139
       Tailslap          |    11 |     5 ||    16
       Punch             |     2 |     1 ||     3
 Cast: Sting             |     6 |     3 ||     9
Armor: Skin              |    44 |    15 ||    59
Dodge: Dodged            |    81 |    17 ||    98
